[Event "9th Porticcio Open 2024"]
[Site "Porticcio"]
[Date "2024.07.01"]
[Round "1.1"]
[White "Lagarde, Maxime"]
[Black "Baroyan, Davit"]
[Result "1-0"]
[ECO "C07"]
[WhiteElo "2604"]
[BlackElo "2151"]
[Annotator "TA"]
[PlyCount "37"]
[EventDate "2024.07.01"]
[EventType "swiss"]
[EventCountry "FRA"]
[SourceTitle "playchess.com"]
[Source "ChessBase"]
[SourceQuality "1"]
[TimeControl "5400+30"]

1. e4 e6 2. d4 d5 3. Nd2 c5 4. Ngf3 a6 5. Bd3 c4 6. Be2 b5 7. O-O Bb7 8. exd5 {[%emt 0:05:06] White is slightly better.} Qxd5 9. c3 Nd7 (9... Be7 $14) 10. b3 $16 Rc8 (10... Nb6 $16) 11. bxc4 $18 bxc4 12. Rb1 Ngf6 13. Nxc4 {[%emt 0:03:24] Black must now prevent Nb6.} Ne4 14. Ne3 Qxa2 {[%emt 0:12:15] [#]} (14... Qc6 {was called for.}) 15. Rb2 {[%emt 0:01:12] White is clearly winning.} ({Weaker is} 15. Rxb7 Nxc3 16. Rb2 Qxb2 17. Bxb2 Nxd1 18. Rxd1 Rb8 $18) 15... Qa1 16. Rxb7 Nxc3 17. Bb2 Nxd1 18. Bxa1 Nxe3 19. fxe3 {[%emt 0:00:04] Black got outplayed after the opening.   Weighted Error Value: White=0.03 (flawless) /Black=0.56.  Mistake:       	---       	Black=3      Inaccurate:     	---       	Black=1      OK:         	White=6     	Black=2      Best:        	White=3     	Black=1} 1-0

[Event "9th Porticcio Open 2024"]
[Site "Porticcio"]
[Date "2024.07.01"]
[Round "1.2"]
[White "Rosol, Philip"]
[Black "Fedorchuk, Sergey A."]
[Result "0-1"]
[ECO "E20"]
[WhiteElo "2150"]
[BlackElo "2546"]
[Annotator "TA"]
[PlyCount "54"]
[EventDate "2024.07.01"]
[EventType "swiss"]
[EventCountry "FRA"]
[SourceTitle "playchess.com"]
[Source "ChessBase"]
[SourceQuality "1"]
[TimeControl "5400+30"]

1. d4 Nf6 2. c4 e6 3. Nc3 Bb4 4. f3 Ba5 5. e4 d5 6. e5 Nfd7 7. f4 c5 {[%emt 0:01:55] [#] Hoping for ...cxd4.} 8. Nf3 {[%emt 0:06:33] White is slightly better.} Nc6 9. Bd2 (9. cxd5 $14 exd5 10. Be3) 9... cxd4 $15 10. Nb5 O-O {[%emt 0:00:18] And now ...Nc5 would win.} 11. Bd3 Nc5 (11... dxc4 $15 12. Bxc4 a6) 12. Bxh7+ $2 {[%emt 0:12:11][%mdl 8192] White does not recover from this.} Kxh7 $19 13. Ng5+ Kg6 14. Qg4 $2 (14. h4 {might work better.} Bxd2+ (14... dxc4 15. f5+ exf5 16. h5+ Kh6 17. Nxf7+ Kh7 18. Nxd8 $16) 15. Qxd2) 14... Bxd2+ (14... dxc4 15. Nxe6+ Kh6 16. Qxg7+ (16. Qh3+ Qh4+ 17. Qxh4+ Kg6 18. Nxf8+ Kf5 19. Nd6#) 16... Kh5 17. Qh7+ Kg4 18. Qh3#) (14... Nxe5 15. Qg3 Bxd2+ (15... Nxc4 16. O-O $17) 16. Kxd2 Nxc4+ 17. Kc1 $19) 15. Kxd2 {[%emt 0:02:25] [#]} Nxe5 $1 16. Qg3 Nxc4+ 17. Kc1 Kf6 18. Nh7+ Ke7 19. Qh4+ f6 20. Nxf8 Qxf8 21. b3 Nd6 22. Nxd4 Bd7 23. Rd1 Qh8 24. Qg3 Nce4 25. Qg6 Qc8+ 26. Kb2 Qc3+ 27. Ka3 Nc4# {[%emt 0:00:15] Weighted Error Value: White=0.86/Black=0.45.  Loses game:     	White=1     	---        Mistake:       	White=2     	Black=1      Inaccurate:     	White=3     	---        OK:         	White=5     	Black=5      Best:        	---       	Black=3      Brilliant:      	---       	Black=1} 0-1

[Event "9th Porticcio Open 2024"]
[Site "Porticcio"]
[Date "2024.07.01"]
[Round "1.3"]
[White "Hamdouchi, Hicham"]
[Black "Mannion, Stephen R"]
[Result "1-0"]
[ECO "C79"]
[WhiteElo "2527"]
[BlackElo "2146"]
[Annotator "TA"]
[PlyCount "86"]
[EventDate "2024.07.01"]
[EventType "swiss"]
[EventCountry "FRA"]
[SourceTitle "playchess.com"]
[Source "ChessBase"]
[SourceQuality "1"]
[TimeControl "5400+30"]

1. e4 e5 2. Nf3 Nc6 3. Bb5 a6 4. Ba4 Nf6 5. O-O d6 6. c4 Bg4 7. h3 Bxf3 8. Qxf3 {[%emt 0:00:30] The position is equal.} Nd7 9. Bxc6 bxc6 10. Qd1 Nc5 11. d4 exd4 12. Qxd4 Ne6 13. Qd1 g6 14. f4 Bg7 15. f5 Nc5 16. Qf3 {[%emt 0:00:30] [#] And now f6 would win.} O-O (16... Bd4+ $1 $15 17. Kh1 O-O) 17. f6 $11 Bh8 18. g4 $1 Re8 19. Nc3 $36 {[%emt 0:00:30][%mdl 2048] White has the initiative.} Qc8 20. b3 Qe6 21. g5 Nxe4 22. Nxe4 Qxe4 23. Bf4 h6 24. h4 $14 Re6 (24... Qxf3 $14 25. Rxf3 Re4) 25. Qxe4 $16 Rxe4 26. Rae1 Rae8 27. Bg3 Kf8 {[%emt 0:00:30] ...hxg5 would now be deadly.} 28. Kf2 (28. gxh6 Kg8 29. Rxe4 Rxe4 $11) 28... c5 29. Rxe4 Rxe4 {[%emt 0:00:30][%mdl 4096] Endgame. KRB-KRB} 30. Kf3 (30. gxh6 $2 Re6 (30... Bxf6 $2 31. Kf3 $17) 31. Bf4 Rxf6 $17 (31... Bxf6 32. Kg3 $17)) 30... Re6 31. Re1 {[%emt 0:00:30] White is more active.} hxg5 32. hxg5 {[%emt 0:00:30] Strongly threatening Rxe6.} Ke8 $2 {[%emt 0:00:30][%mdl 8192] [#] This costs Black the game.} (32... Rxe1 $14 33. Bxe1 Ke8) 33. Rxe6+ $1 $18 ({Not} 33. Rh1 Bxf6 34. gxf6 Rxf6+ 35. Kg2 Kd7 $16) 33... fxe6 {[%emt 0:00:30] KB-KB} 34. Be1 Kd7 35. Ba5 c6 (35... Kd8 {is a better defense.} 36. Ke4 Kd7) 36. Kg4 e5 $2 (36... Kc8 37. Kf3 Kd7) 37. Bb6 Ke8 38. Kf3 Kd7 39. Ke4 $2 (39. Ke3 Kc8 (39... Ke6 $2 40. Bd8 $18) 40. Ba5) 39... Ke8 40. Bc7 Kd7 41. Ba5 {[%emt 0:00:30] White is clearly winning.} Ke6 42. Bd8 d5+ 43. Ke3 Kf7 $2 {[%emt 0:00:30] Weighted Error Value: White=0.27 (precise) /Black=0.35.  Loses game:     	---       	Black=1      Mistake:       	---       	Black=5      Inaccurate:     	White=4     	Black=1      OK:         	White=13    	Black=18     Best:        	White=2     	---        Strong:       	White=2     	---} (43... Kd7 {is tougher.} 44. Be7 Ke6) 1-0

[Event "9th Porticcio Open 2024"]
[Site "Porticcio"]
[Date "2024.07.01"]
[Round "1.4"]
[White "Martin, Nils"]
[Black "Clarke, Brandon G I"]
[Result "0-1"]
[ECO "B27"]
[WhiteElo "2138"]
[BlackElo "2498"]
[Annotator "TA"]
[PlyCount "86"]
[EventDate "2024.07.01"]
[EventType "swiss"]
[EventCountry "FRA"]
[SourceTitle "playchess.com"]
[Source "ChessBase"]
[SourceQuality "1"]
[TimeControl "5400+30"]

1. e4 c5 2. Nf3 g6 3. d4 cxd4 4. Qxd4 Nf6 5. e5 Nc6 6. Qa4 Nd5 7. Qb3 e6 8. Bg5 Qa5+ (8... Nd4 $5 9. Bxd8 Nxb3 10. axb3 Kxd8 $11) 9. Nbd2 (9. Bd2 $1 $14 Qb6 10. Bc4) 9... h6 (9... Bg7 $142) 10. c4 $2 (10. Bh4 $11) 10... hxg5 $19 11. cxd5 g4 12. dxc6 bxc6 (12... gxf3 $17 13. O-O-O (13. cxb7 $2 Bh6 $19) 13... fxg2 (13... dxc6 14. Nxf3 Bg7 15. Qd3 $11) (13... Qxe5 14. cxd7+ Bxd7 15. Kb1 $17) (13... bxc6 14. Nxf3 Bg7 15. Re1 $17) 14. cxd7+ Bxd7 15. Bxg2 Bh6 (15... Qxe5 $2 16. Qxb7 Rc8+ 17. Kb1 $17)) 13. Ng5 (13. Nd4 $11) 13... Qxe5+ $15 14. Nge4 $1 Rb8 15. Qc3 Qxc3 16. bxc3 f5 17. Ng3 Rb2 18. Bc4 Bc5 19. Ngf1 (19. Rb1 $11 Rxb1+ 20. Nxb1) 19... Rc2 {[%emt 0:00:56] Black is much more active. The white rooks are passive.} 20. Ne3 Rxc3 {[%emt 0:00:55] ...g3 would now be deadly.} 21. Ke2 (21. Nd1 $15 Ra3 22. Rc1) 21... Bxe3 (21... e5 $142 {And now ...d5 would win.} 22. Rac1 (22. Nb1 $2 Rxc4 23. Nxc4 Ba6 $19) 22... Rxc1 23. Rxc1 Ke7 (23... Rxh2 $2 24. Bd3 $19)) 22. fxe3 $17 {[%emt 0:00:27] [#]} Rxc4 23. Nxc4 $11 Ba6 24. Kd3 d5 $1 25. Kd4 dxc4 {[%emt 0:02:50][%mdl 4096] Endgame. KRR-KRB} 26. Kc5 (26. Rhd1 $11) 26... Ke7 $17 27. Rad1 {[%emt 0:01:58] [#]} (27. h3 $17) 27... Bb5 (27... c3 $1 $19 {aiming for ...g5.} 28. a4 g5 (28... c2 $2 29. Rd2 $19)) 28. Ra1 (28. Kb4 $15) 28... Ba4 ({Black should play} 28... c3 $17 {Hoping for ...c2.} 29. Kd4 c2 (29... Rd8+ $2 30. Kxc3 Rd3+ 31. Kc2 $19)) 29. Rac1 $15 Bb5 (29... g5 $15) 30. Ra1 $1 $17 {[%emt 0:00:17] [#]} Ba4 ({Better is} 30... c3 $1 $17 {White must now prevent ...c2.} 31. Kd4 c2 (31... Rd8+ $2 32. Kxc3 Rd3+ 33. Kc2 $19)) 31. Rac1 $15 Rd8 32. Rxc4 Rd5+ 33. Kb4 {[%emt 0:00:01][%mdl 1024] White has compensation.} Bb5 34. Rc3 Rd2 {[%emt 0:00:50][%csl LRa2,LRg2] Strongly threatening ...a5+.} 35. a4 a5+ 36. Ka3 (36. Kxa5 $15 Ra2 37. Kb4 Rxa4+ (37... Bxa4 38. Ra3 $11) 38. Kc5) 36... Bd3 $19 37. Rxc6 Be4 (37... Rxg2 $2 38. Rc5 $19) 38. Rc5 Rd3+ ({Resist} 38... Rxg2 39. Rxa5 Re2 40. Ra1 $19) 39. Kb2 Rxe3 40. Rxa5 (40. Rg1 $142) 40... Re2+ 41. Kb3 Rxg2 ({But not} 41... Bxg2 42. Rc1) 42. Re5 (42. Ra7+ {might work better.} Kf6 43. Rh7 Bd5+ 44. Kc3) 42... Re2 43. a5 (43. Rc1 $142) 43... Bc2+ {[%emt 0:00:18] Weighted Error Value: White=0.53/Black=0.28 (precise) .  Loses game:     	White=1     	---        Mistake:       	White=11    	Black=8      Inaccurate:     	White=2     	Black=3      OK:         	White=10    	Black=13     Best:        	White=2     	Black=8      Strong:       	White=2     	Black=1} 0-1

[Event "9th Porticcio Open 2024"]
[Site "Porticcio"]
[Date "2024.07.01"]
[Round "1.5"]
[White "Bailet, Pierre"]
[Black "Grigorian, Roudolph"]
[Result "1-0"]
[ECO "B12"]
[WhiteElo "2491"]
[BlackElo "2116"]
[Annotator "TA"]
[PlyCount "75"]
[EventDate "2024.07.01"]
[EventType "swiss"]
[EventCountry "FRA"]
[SourceTitle "playchess.com"]
[Source "ChessBase"]
[SourceQuality "1"]
[TimeControl "5400+30"]

1. e4 c6 2. d4 d5 3. e5 Bf5 4. Nf3 e6 5. Be2 c5 6. O-O Nc6 7. c3 Bg4 8. Nbd2 cxd4 9. cxd4 Qb6 10. h3 Bh5 11. Nb3 Nge7 {[%emt 0:02:47][%cal Bg8e7,Be7f5,Bf5e7][%mdl 32] White has an edge.} 12. a4 a5 13. Bb5 Bxf3 14. Qxf3 Nf5 15. Qd3 Bb4 16. g4 Nfe7 17. Be3 h5 18. Kg2 hxg4 (18... Ng6 $11) 19. hxg4 $14 f5 20. Bg5 (20. exf6 {simplifies} gxf6 21. Bf4 Rg8 22. Qe2) 20... fxg4 21. Bxe7 Bxe7 (21... Kxe7 $16 {was worth a try.} 22. Qg6 Rag8) 22. Qg6+ $18 Kd7 {[%emt 0:00:07] [#]} 23. Rh1 {[%emt 0:03:50] Inhibits Rh3.} (23. Qxg4 $6 Raf8 $16) (23. Rac1 $1 $18) 23... Rh3 $16 24. Rxh3 gxh3+ 25. Kxh3 {[%emt 0:01:25][%cal Oh3g2] Hoping for Kg2!} Rf8 {[%emt 0:00:49] [#]} 26. Kg3 {[%emt 0:04:14][%cal Oa1c1] Against Rf3+. Strongly threatening Rc1!} (26. Qxg7 $2 Rf3+ (26... Rxf2 27. Bxc6+ Qxc6 28. Nc5+ Kd8 29. Rc1 $16) 27. Kg2 Rxb3 $19) 26... Kc8 (26... Qd8 $16) 27. Qxe6+ Kb8 28. f4 $2 (28. Qxd5 $2 Nxe5 $19) ({White should try} 28. Rh1 $18) 28... Ka7 $2 {[%emt 0:03:50] This costs Black the game.} (28... Rh8 $1 $11 {and Black stays safe.}) 29. Rh1 $18 {[%emt 0:02:14] Black must now prevent Rh7. Active counter play!} (29. Qxd5 $6 Nb4 30. Qe4 Rh8 $14) 29... Qc7 $2 (29... Bb4 30. Rh3 (30. Qxd5 Ne7 $15) 30... Bd2) 30. Bxc6 {[%emt 0:01:11] White is clearly winning.} bxc6 {[%emt 0:01:15] [#]} 31. Nxa5 $1 Kb6 (31... Rc8 32. Rc1) 32. Nb3 (32. Nxc6 Qxc6 33. Qxe7 Qg6+ 34. Qg5 Qd3+ 35. Kg4 (35. Kf2 Qxd4+ 36. Kg3 Qd3+ 37. Kg4 Ka5 $11) 35... Qe2+ 36. Kg3 Qe3+ (36... Qd3+ 37. Kf2 $11) 37. Kg4 (37. Kh2 Qf2+ 38. Kh3 Qf3+ 39. Kh4 Rh8+) 37... Qe2+ 38. Kg3 Qe3+ (38... Qd3+ 39. Kg4 $11) 39. Kg4 (39. Kh2 Qf2+ 40. Kh3 Qf3+ 41. Kh4 Rh8+) 39... Qe2+ $11) (32. Rc1 $142 Kxa5 33. Rxc6 (33. Qxc6 Qxc6 34. Rxc6 Kxa4 $11)) 32... Ra8 33. a5+ Kb5 34. Qg6 {[%emt 0:00:59] Threatening mate with Qd3+.} Ka6 35. Rc1 (35. Qxg7 $2 Bh4+ 36. Rxh4 Qxg7+ $19) 35... Kb7 36. f5 (36. Qxg7 $2 Bh4+ 37. Kf3 Qxg7 $19) 36... Rh8 37. a6+ (37. Qxg7 $2 Bh4+ 38. Kf3 Qxg7 $19) 37... Kb6 38. a7 {[%emt 0:00:45] Weighted Error Value: White=0.47/Black=0.50.  Loses game:     	---       	Black=1      Missed win:     	White=1     	---        Mistake:       	White=1     	Black=4      Inaccurate:     	White=4     	Black=3      OK:         	White=6     	Black=7      Best:        	White=2     	Black=4      Brilliant:      	White=1     	---} (38. Qxg7 Bh4+ 39. Kf3 Qxg7 40. a7 Qg3+ (40... Qxa7 $2 41. Rc3 $19) 41. Ke2 Bg5 (41... Qxb3 {is a self mate.} 42. f6 Qxb2+ 43. Ke3 Qxc1+ 44. Kd3 Kxa7 45. e6 Bg5 46. Ke2 Rh2+ 47. Kf3 Qf4#) (41... Qxb3 {leads to mate.} 42. Rg1 Qc2+ 43. Ke3)) 1-0

[Event "9th Porticcio Open 2024"]
[Site "Porticcio"]
[Date "2024.07.01"]
[Round "1.7"]
[White "Druska, Juraj"]
[Black "Markuszewski, Maksymilian"]
[Result "1-0"]
[ECO "B92"]
[WhiteElo "2466"]
[BlackElo "2114"]
[Annotator "TA"]
[PlyCount "85"]
[EventDate "2024.07.01"]
[EventType "swiss"]
[EventCountry "FRA"]
[SourceTitle "playchess.com"]
[Source "ChessBase"]
[SourceQuality "1"]
[TimeControl "5400+30"]

1. e4 c5 2. Nf3 d6 3. d4 cxd4 4. Nxd4 Nf6 5. Nc3 a6 6. Be2 e5 7. Nf3 Be7 8. Bg5 Be6 9. Bxf6 Bxf6 10. O-O O-O 11. Qd2 Be7 12. Nd5 Bxd5 13. Qxd5 {[%emt 0:00:23] The position is equal.} Qc7 14. Bc4 Nd7 15. Bb3 Rac8 16. c3 Qc6 17. Rfe1 Qxd5 18. Bxd5 Rc7 19. Rad1 b5 20. Re2 g6 21. Ne1 Kg7 22. Nc2 a5 23. Bb3 Rb8 24. Ne3 {[%emt 0:04:17] Nd5 is the strong threat.} Nb6 25. a3 Bf8 26. g3 Kf6 27. Rd3 Ke7 28. f4 f6 (28... exf4 $14 29. gxf4 Bh6) 29. Kg2 $16 Rc6 30. Kf3 {[%emt 0:01:12] White has more active pieces.} Bg7 31. h4 Rf8 {[%emt 0:00:00] [#]} 32. h5 $1 f5 {[%emt 0:00:00] [#]} 33. hxg6 (33. exf5 $1 $16 {Hoping for Bd5.} gxf5 34. Rd1) 33... hxg6 34. Rh2 (34. exf5 $16 {Bd5 would now be deadly.} gxf5 35. Kg2) 34... fxe4+ $11 35. Kxe4 Rh8 {[%emt 0:00:07] Dodges Rh7} (35... Nd7 $11 {keeps the balance.} 36. Rdd2 Nc5+ 37. Kd5 Rcc8) 36. Rxh8 $16 Bxh8 37. Rd2 exf4 38. gxf4 Nd7 (38... Rc5 $16) 39. Kf3 Bg7 (39... Nb6 $16 40. Re2 Kf8) 40. Rg2 Nf8 41. f5 Kf6 $2 (41... a4) 42. Nd5+ $18 Ke5 43. Re2+ {[%emt 0:14:09] Weighted Error Value: White=0.15 (very precise) /Black=0.32.  Mistake:       	White=2     	Black=5      Inaccurate:     	---       	Black=2      OK:         	White=12    	Black=9      Best:        	White=1     	---} 1-0

[Event "9th Porticcio Open 2024"]
[Site "Porticcio"]
[Date "2024.07.01"]
[Round "1.8"]
[White "Pattnayak Nilsu"]
[Black "Batsiashvili, Nino"]
[Result "0-1"]
[ECO "C79"]
[WhiteElo "2113"]
[BlackElo "2450"]
[Annotator "TA"]
[PlyCount "78"]
[EventDate "2024.07.01"]
[EventType "swiss"]
[EventCountry "FRA"]
[SourceTitle "playchess.com"]
[Source "ChessBase"]
[SourceQuality "1"]
[TimeControl "5400+30"]

1. e4 e5 2. Nf3 Nc6 3. Bb5 a6 4. Ba4 Nf6 5. O-O d6 6. Re1 Bd7 7. c3 g6 8. d4 Bg7 9. Nbd2 Nh5 10. Nf1 O-O 11. Bg5 {[%emt 0:03:53] White is slightly better.} Qe8 12. d5 Nb8 13. Bxd7 Nxd7 14. Ng3 Nxg3 15. hxg3 h6 16. Bd2 a5 17. a4 Nc5 18. b4 axb4 19. cxb4 Nxa4 20. Qc1 c5 21. dxc6 $1 Qxc6 22. Bxh6 Qxc1 23. Bxc1 {[%emt 0:00:12] [#]} d5 $1 24. Ra3 (24. Bd2 b5) 24... d4 25. Bd2 Rfc8 (25... Nb6 $17 26. Raa1 Nc4) 26. Rea1 $15 b5 27. Ne1 {[%emt 0:00:04] Wards off Rc2} f5 28. f3 Rc4 {[%emt 0:04:26] Black is more active.} 29. Nd3 fxe4 30. fxe4 Rac8 31. Rf1 (31. Kf2 $15) 31... Rc2 $17 32. Rc1 $2 {[%emt 0:09:34] [#]} (32. Rf2 $17 {keeps fighting.}) 32... Rxc1+ $1 $19 33. Nxc1 Bf8 $2 (33... Nc3 $19 {has better winning chances. Threatens to win with ...Nb1.} 34. Bxc3 Rxc3 (34... dxc3 $2 35. Ra5 $19)) 34. Ra1 (34. Nd3 $17) 34... Nc3 35. Bxc3 dxc3 ({Much less strong is} 35... Rxc3 36. Ne2 Re3 37. Kf2 $19) 36. Nd3 $2 (36. Kf2) 36... c2 37. Rc1 Bh6 {[%emt 0:00:06] ( -> ...Be3+)} 38. Ra1 c1=Q+ 39. Nxc1 Rxc1+ {[%emt 0:00:06] Weighted Error Value: White=0.84/Black=0.33.  Loses game:     	White=2     	---        Missed win:     	---       	Black=1      Mistake:       	White=2     	Black=1      Inaccurate:     	White=5     	Black=1      OK:         	White=6     	Black=13     Best:        	---       	Black=3      Strong:       	White=1     	Black=1} 0-1

[Event "9th Porticcio Open 2024"]
[Site "Porticcio"]
[Date "2024.07.01"]
[Round "1.9"]
[White "Vuitton, Gilles"]
[Black "Gerandi, Pierre-Marie"]
[Result "1-0"]
[ECO "B03"]
[WhiteElo "1980"]
[BlackElo "1670"]
[Annotator "NA RC"]
[PlyCount "45"]
[EventDate "2024.07.01"]
[EventType "swiss"]
[EventCountry "FRA"]
[SourceTitle "playchess.com"]
[Source "ChessBase"]
[SourceQuality "1"]
[TimeControl "5400+30"]

1. e4 Nf6 2. e5 Nd5 3. d4 d6 4. c4 Nb6 5. exd6 cxd6 6. Nc3 g6 7. Be3 Bg7 8. Rc1 Nc6 9. d5 Ne5 10. Be2 Nbxc4 11. Bxc4 Nxc4 12. Qa4+ Bd7 13. Qxc4 O-O 14. Nf3 e6 15. O-O a6 16. Qh4 Qa5 17. Bh6 Qd8 18. Qxd8 Rfxd8 19. Bxg7 Kxg7 20. dxe6 Bxe6 21. Nd4 Bd7 22. Nd5 Be8 23. Rc7 1-0

[Event "9th Porticcio Open 2024"]
[Site "Porticcio"]
[Date "2024.07.01"]
[Round "1.11"]
[White "Parayre Soguero, Jordi"]
[Black "Fremaux, Guillaume"]
[Result "1-0"]
[ECO "D07"]
[WhiteElo "1931"]
[BlackElo "1661"]
[Annotator "NA RC"]
[PlyCount "51"]
[EventDate "2024.07.01"]
[EventType "swiss"]
[EventCountry "FRA"]
[SourceTitle "playchess.com"]
[Source "ChessBase"]
[SourceQuality "1"]
[TimeControl "5400+30"]

1. d4 d5 2. c4 Nc6 3. Nc3 Nf6 4. Nf3 Bg4 5. Ne5 e6 6. Qa4 Bb4 7. Bg5 Bxc3+ 8. bxc3 Bf5 9. e3 h6 10. Bxf6 gxf6 11. Nxc6 bxc6 12. Qxc6+ Ke7 13. cxd5 exd5 14. c4 Rb8 15. cxd5 Qd6 16. Qxd6+ Kxd6 17. f3 Bb1 18. Bc4 Rb2 19. O-O Bf5 20. Rf2 Rhb8 21. Bb3 Rxf2 22. Kxf2 Rb4 23. Rc1 a5 24. Rc6+ Kd7 25. Rxf6 Bg6 26. Ra6 1-0

[Event "9th Porticcio Open 2024"]
[Site "Porticcio"]
[Date "2024.07.01"]
[Round "2.1"]
[White "Roebers, Eline"]
[Black "Lagarde, Maxime"]
[Result "1/2-1/2"]
[ECO "B33"]
[WhiteElo "2326"]
[BlackElo "2604"]
[Annotator "TA"]
[PlyCount "146"]
[EventDate "2024.07.01"]
[EventType "swiss"]
[EventCountry "FRA"]
[SourceTitle "playchess.com"]
[Source "ChessBase"]
[SourceQuality "1"]
[TimeControl "5400+30"]

1. e4 c5 2. Nf3 Nc6 3. d4 cxd4 4. Nxd4 Nf6 5. Nc3 e5 6. Ndb5 d6 7. Bg5 a6 8. Na3 b5 9. Bxf6 gxf6 10. Nd5 Bg7 11. Bd3 Ne7 12. Nxe7 Qxe7 13. c4 f5 14. O-O O-O 15. Qe2 Rb8 16. f3 fxe4 17. fxe4 f5 18. exf5 d5 19. cxd5 e4 20. f6 Qc5+ 21. Kh1 exd3 22. fxg7 dxe2 23. gxf8=Q+ Qxf8 24. Rxf8+ Kxf8 25. Nc2 Bb7 26. Re1 Bxd5 27. b3 Be4 28. Nd4 Rc8 29. Kg1 (29. Nxe2 Rc2 $15) 29... Bg6 30. Rxe2 (30. Kf2 {seems wilder.} Bh5 31. h3 Rc3 32. Ne6+) 30... Rc1+ 31. Kf2 Rd1 32. Nc6 Be8 33. Ne5 a5 34. Ke3 a4 35. Nd3 Bf7 36. Rb2 Ke7 37. Nf2 Rc1 38. Kd4 Kd6 39. Ne4+ Kc6 40. Rf2 Rd1+ 41. Kc3 Bg6 42. Rf6+ Kc7 43. Nc5 Rc1+ 44. Kb4 Rc2 45. Ne6+ Kd7 46. Nf4 (46. Kxb5 $2 Ke7 (46... Rxa2 47. Nc5+ Kc7 48. bxa4 $14) 47. Nd4 Kxf6 $19) 46... Rxa2 (46... Be8 $14) 47. Nxg6 $16 (47. Kxb5 axb3 48. Nd5 Rxg2 $19) 47... hxg6 48. Rxg6 ({Reject} 48. Kxb5 $6 axb3 (48... Rxg2 49. Kxa4 Rxh2 50. Rxg6 $11) 49. Kc4 Rxg2 50. Kxb3 Ke7 $11) 48... Rb2 49. Rg3 Rb1 50. Ka3 ({Much weaker is} 50. Kxb5 $6 Rxb3+ 51. Kxa4 Rxg3 52. hxg3 Ke7 $11) ({Better is} 50. h3 $16) 50... Ra1+ {[%emt 0:02:11] [#]} (50... axb3 $11 51. Rxb3 Rh1) 51. Kb2 $1 $16 Rh1 52. h3 axb3 {[%emt 0:00:49] [#]} 53. Kxb3 ({Don't play} 53. Rxb3 $6 Kc6 $14) ({White should try} 53. Rg6 $1) 53... Kc6 $16 54. Rg4 (54. Kb4 $14) 54... Kc5 $11 55. h4 Rb1+ 56. Kc2 Rh1 57. g3 b4 $1 58. Rg8 (58. Kb3 $5 Rb1+ $8 59. Kc2 $14) 58... Kc4 59. Rc8+ Kd4 60. Kb2 Rg1 61. Rg8 Rh1 $1 62. Rg5 Kc4 63. Rg4+ Kb5 64. Kb3 Rb1+ 65. Kc2 Rh1 $1 66. Rg7 (66. Kb3 $5) 66... Kc4 67. Rc7+ Kd4 68. Rh7 Kc4 69. g4 b3+ 70. Kb2 Rh2+ 71. Kb1 Rh1+ 72. Kb2 Rh2+ 73. Kb1 Rh1+ 1/2-1/2

[Event "9th Porticcio Open 2024"]
[Site "Porticcio"]
[Date "2024.07.01"]
[Round "2.2"]
[White "Fedorchuk, Sergey A."]
[Black "Eden, James"]
[Result "1-0"]
[ECO "C54"]
[WhiteElo "2546"]
[BlackElo "2334"]
[Annotator "TA"]
[PlyCount "39"]
[EventDate "2024.07.01"]
[EventType "swiss"]
[EventCountry "FRA"]
[SourceTitle "playchess.com"]
[Source "ChessBase"]
[SourceQuality "1"]
[TimeControl "5400+30"]

1. e4 e5 2. Nf3 Nc6 3. Bc4 Nf6 4. d3 Bc5 5. O-O O-O 6. h3 d6 7. c3 a6 8. Bb3 Ba7 9. Re1 h6 10. Nbd2 Re8 11. Nf1 Be6 12. Ng3 d5 13. exd5 Bxd5 14. Bc2 Qd6 {[%emt 0:08:03] The position is equal.} 15. Nh4 Rad8 ({Black should try} 15... Ne7 $11) 16. Nhf5 $14 Qd7 17. Qd2 {[%emt 0:15:04][%cal Of5g7] [#] Nxg7! is the strong threat.} Bc5 $2 (17... Nh7 $16) 18. Nxg7 $1 $18 {[%emt 0:04:12] White is clearly winning.} Kxg7 (18... Bf8 $142 19. Nxe8 Rxe8) 19. Qxh6+ Kg8 20. Qg5+ {[%emt 0:01:18] Black did not feel at home in the position after the opening.   Weighted Error Value: White=0.02 (flawless) /Black=1.04.  Loses game:     	---       	Black=1      Mistake:       	---       	Black=2      Inaccurate:     	---       	Black=1      OK:         	White=4     	---        Best:        	White=1     	---        Strong:       	White=1     	---} 1-0